 Dungeon Crawl Stone Soup version 0.26.1-2-gb8aa6d0 (webtiles) character file.

Game seed: 11691605448427131863

59 Nithhogg the Sneak (level 4, -1/31 HPs)
             Began as an Octopode Monk on Mar 30, 2021.
             Killed by divine providence
             ... invoked by an orc priest
              (16 damage)
             ... on level 2 of the Dungeon.
             The game lasted 00:02:34 (1918 turns).

Nithhogg the Sneak (Octopode Monk)                  Turns: 1918, Time: 00:02:36

Health: -1/31      AC:  1    Str: 10    XL:     4   Next: 3%
Magic:  4/4        EV: 15    Int: 12    God:
Gold:   87         SH:  0    Dex: 15    Spells: 3/3 levels left

rFire    . . .     SeeInvis .     - Unarmed
rCold    . . .     Faith    .   (no shield)
rNeg     . . .     Spirit   .   (helmet restricted)
rPois    .         Reflect  .   (no amulet)
rElec    .         Harm     .   (no ring)
rCorr    .         Rampage  .   (no ring)
Will     .....                  (no ring)
Stlth    ++++......             (no ring)
HPRegen  0.10/turn              (no ring)
MPRegen  0.09/turn              (no ring)
                                (no ring)
                                (no ring)

@: no status effects
A: almost no armour, stealthy swim, amphibious, 8 rings, constrict 8, camouflage
1, gelatinous body 1
a: no special abilities


You were on level 2 of the Dungeon.
You visited 1 branch of the dungeon, and saw 2 of its levels.

You collected 87 gold pieces.

Inventory:

Jewellery
 b - a +6 ring of intelligence {unknown}
Scrolls
 a - a scroll of enchant weapon {unknown}
 c - 5 scrolls of identify {unknown}
 d - a scroll of amnesia {unknown}
Potions
 e - 2 potions of brilliance {unknown}
 f - 2 potions of might {unknown}
 g - a potion of curing {unknown}
 h - a potion of cancellation {unknown}
 i - a potion of flight {unknown}
 j - a potion of degeneration {unknown}


   Skills:
 + Level 3.5 Fighting
 + Level 3.4 Dodging
 + Level 3.9 Stealth
 + Level 3.4 Unarmed Combat


You had 3 spell levels left.
You didn't know any spells.
Your spell library was empty.

Dungeon Overview and Level Annotations

Branches:
Dungeon (2/15)

Altars:


Innate Abilities, Weirdness & Mutations

You cannot wear most types of armour.
You are very stealthy in the water. (Stealth+)
You are amphibious.
You can wear up to eight rings at the same time.
You can use your tentacles to constrict eight enemies at once.
Your skin changes colour to match your surroundings (Stealth+).
Your rubbery body absorbs attacks. (AC +1, EV +1)


Message History

You constrict the orc.
You tentacle-slap the orc but do no damage.
The orc is severely wounded.
You constrict the orc. The orc hits you.
You tentacle-slap the orc.
The orc is almost dead.
You constrict the orc.
You kill the orc!
You tentacle-slap the orc priest but do no damage.
You grab the orc priest.
The orc priest is lightly wounded.
You constrict the orc priest, but do no damage.
The orc priest hits you with a +0 hand axe.
You tentacle-slap the orc priest but do no damage.
The orc priest is lightly wounded.
You constrict the orc priest.
The orc priest mumbles some strange prayers to Beogh against you.
Beogh smites you!
Ouch! That really hurt!
You die...

.##..##.# #......o..#
....^...##..≈...≈...#
.##.....#o..........#
.##.....#o..........#
.###....#$..........
.###....# ..≈...≈..#
#...#.## .......o#
....#....#########.#
....####........@oo#
.... #############
....


You could see an orc priest and an orc.

Vanquished Creatures
  An adder (D:2)
  2 dart slugs (D:1)
  2 leopard geckos (D:1)
  3 orcs (D:2)
  7 bats (D:1)
  2 giant cockroaches
  A goblin (D:2)
  4 hobgoblins (D:1)
  2 quokkas (D:2)
  4 frilled lizards
  7 kobolds
  8 rats
43 creatures vanquished.

Notes
Turn   | Place    | Note
-------+----------+-------------------------------------------
     0 | D:1      | Nithhogg the Octopode Monk began the quest for the Orb.
     0 | D:1      | Reached XP level 1. HP: 16/16 MP: 1/1
   314 | D:1      | Reached XP level 2. HP: 21/21 MP: 2/2
   703 | D:1      | Reached XP level 3. HP: 24/26 MP: 3/3
  1905 | D:2      | Reached XP level 4. HP: 31/31 MP: 4/4
  1918 | D:2      | Killed from afar by an orc priest

Illustrated notes

Levels and vault maps discovered:
D:1:      amcnicky_arrival_abandoned_market, layout_basic,
          wander_ebering_terrifying_dragon_lair
D:2:      cheibrodos_pilgrimage, layout_rooms

Skill      XL: |  1 |
---------------+----+-----
Stealth        | 3 |  3.9
Fighting       | |  3.5
Dodging        | |  3.4
Unarmed Combat | |  3.4

Action                   |  1- 3 |  4- 6 || total
-------------------------+-------+-------++-------
Melee: Unarmed           |    96 |    10 ||   106
       Constrict         |    30 |     4 ||    34
       Tentacles         |    16 |     2 ||    18
       Punch             |     1 |       ||     1
 Stab: Sleeping          |    12 |       ||    12
Armor: Skin              |     5 |       ||     5
Dodge: Dodged            |    67 |     5 ||    72
